 Dungeon Crawl Stone Soup version 0.21-a0-92-g7bf63f6 (webtiles) character file.

232 GordonOverkill the Ducker (level 5, -1/30 HPs)
             Began as a Deep Elf Fire Elementalist on July 1, 2017.
             Slain by a gnoll
             ... wielding a +2 whip of flaming
              (7 damage)
             ... on level 4 of the Dungeon.
             The game lasted 00:10:00 (5355 turns).

GordonOverkill the Ducker (DEFE)                    Turns: 5355, Time: 00:10:01

Health: -1/30      AC:  6    Str:  6    XL:     5   Next: 73%
Magic:  10/11      EV: 13    Int: 20    God:
Gold:   259        SH:  0    Dex: 15    Spells: 2/10 levels left

rFire    . . .     SeeInvis .   y - +1 dagger (pain)
rCold    + . .     Gourm    .   (no shield)
rNeg     . . .     Faith    .   g - +0 leather armour
rPois    .         Spirit   .   (no helmet)
rElec    .         Reflect  .   (no cloak)
rCorr    .         Harm     .   (no gloves)
MR       .....                  a - +2 pair of boots
Stlth    ++........             (no amulet)
HPRegen  0.10/turn              m - ring of protection from cold
MPRegen  0.12/turn              (no ring)

@: no status effects
A: no striking features
a: no special abilities


You were on level 4 of the Dungeon.
You were very hungry.

You visited 1 branch of the dungeon, and saw 4 of its levels.

You collected 259 gold pieces.

Inventory:

Hand Weapons
 y - a +1 dagger of pain (weapon)
Missiles
 h - 89 stones (quivered)
Armour
 a - a +2 pair of boots (worn)
 g - a +0 leather armour (worn)
 q - a cursed -1 ring mail
Jewellery
 m - a ring of protection from cold (left hand)
Wands
 e - a wand of flame (20/48)
 s - a wand of polymorph (14/24)
 v - a wand of disintegration (24/24)
Scrolls
 l - a scroll of fear
Potions
 f - a potion of curing {unknown}
 k - 2 potions of heal wounds {unknown}
 n - a potion of flight {unknown}
 o - a potion of berserk rage {unknown}
 r - 3 potions of agility
 t - 2 potions of mutation {unknown}
Books
 b - a book of Flames

   Spells                             Type                      Level
   a - Flame Tongue                   Conjuration/Fire             1
   b - Throw Flame                    Conjuration/Fire             2
   c - Conjure Flame                  Conjuration/Fire             3
   d - Inner Flame                    Hexes/Fire                   3
   e - Sticky Flame                   Conjuration/Fire             4
   f - Fireball                       Conjuration/Fire             5
Comestibles
 c - 5 bread rations
 z - 3 meat rations


   Skills:
 + Level 2.0 Fighting
 * Level 3.4 Short Blades
 + Level 1.7 Armour
 + Level 3.7 Dodging
 - Level 2.4 Stealth
 - Level 3.0 Spellcasting
 - Level 1.1 Conjurations
 - Level 3.2 Fire Magic


You had 2 spell levels left.
You knew the following spells:

 Your Spells              Type           Power        Failure   Level  Hunger
a - Flame Tongue          Conj/Fire      ##...        9%          1    None
b - Conjure Flame         Conj/Fire      ##......     26%         3    ###....
c - Sticky Flame          Conj/Fire      ##......     65%         4    ####...


Dungeon Overview and Level Annotations

Branches:
Dungeon (4/15)
 Temple: D:4-7

Altars:
The Shining One

Shops:
D:4 *


Message History

You struggle against the net.
The gnoll hits you with a whip of flaming!
The gnoll burns you.
A gnoll comes into view. It is wielding a halberd.
You struggle against the net.
A gnoll comes into view.
You struggle against the net.
The gnoll closely misses you.
You struggle against the net.
The gnoll hits you with a whip of flaming.
The gnoll burns you.
* * * LOW HITPOINT WARNING * * *
The gnoll barely misses you.
The gnoll moves out of view.
You struggle against the net.
The gnoll hits you with a whip of flaming.
* * * LOW HITPOINT WARNING * * *
The gnoll burns you.
* * * LOW HITPOINT WARNING * * *
You rip the net and break free!
The gnoll hits you with a whip of flaming!
You die...

#.(#.......#.##...≈P≈
#..#.......#..###.♣♣P
##.##.....##......#≈♣
#.####.####..###.##
#...........##....##
###
###...########.##...
#.# #..## #.##.#. .##
#gg.# ##..≈PP. ###
##@# #P.≈P≈P. ..#
#..#


≈PPPPP≈P. ..# #.## #. .P≈♣≈≈... #.# ##.####.P≈ ♣≈≈≈P.P#. ..# . #..#PPP.≈≈
≈≈P(.P##. ..# ..######..≈.P≈≈≈♣PPP≈### ## ### ..........≈P≈≈≈≈♣PP## #
.........#≈≈≈♣♣♣PP≈.######. .......∩.#PP≈≈≈≈♣PP.#...... You could see 2 gnolls.

Vanquished Creatures
  A scorpion (D:4)
  A hound (D:4)
  A worker ant (D:4)
  A gnoll (D:1)
  2 adders (D:4)
  An adder skeleton (D:4)
  4 worms (D:2)
  2 dart slugs
  4 leopard geckos
  12 bats
  2 giant cockroaches
  11 goblins
  9 hobgoblins
  6 jackals (D:1)
  3 quokkas
  4 frilled lizards
  12 kobolds
  A rat (D:3)
77 creatures vanquished.

Notes
Turn   | Place    | Note
-------+----------+-------------------------------------------
     0 | D:1      | GordonOverkill the Deep Elf Fire Elementalist began the quest for the Orb.
     0 | D:1      | Reached XP level 1. HP: 10/10 MP: 6/6
   398 | D:1      | Reached XP level 2. HP: 16/16 MP: 6/8
   626 | D:1      | Reached skill level 1 in Short Blades
  1112 | D:1      | Reached XP level 3. HP: 20/20 MP: 7/9
  1182 | D:1      | Learned a level 3 spell: Conjure Flame
  1188 | D:1      | Reached skill level 1 in Armour
  1685 | D:2      | Reached skill level 1 in Fighting
  1691 | D:2      | HP: 1/20 [kobold (4)]
  2555 | D:2      | Reached XP level 4. HP: 25/25 MP: 7/10
  4076 | D:3      | Learned a level 4 spell: Sticky Flame
  4278 | D:4      | Reached XP level 5. HP: 14/30 MP: 2/11
  4827 | D:4      | Found a glowing golden altar of the Shining One.
  5331 | D:4      | Found Ziariynk's Assorted Antiques.
  5355 | D:4      | Slain by a gnoll

Vault maps used:
D:1:      minmay_arrival_semitransparent
D:2:      minmay_misc_feat_cross, minmay_tetromino_i4
D:3:      first_bread, grunt_ministairs_11, minmay_misc_feat_hallway
D:4:      old_standard_altar, serial_shops, shop, serial_bayou,
          serial_bayou_lake_a, serial_bayou_pond_d, serial_bayou_lagoon_a,
          serial_bayou_pond_a, hangedman_abyss_or_decor_jellyfish_corner,
          hangedman_decor_lopped

Skill      XL: |  1  2  3  4  5 |
---------------+----------------+-----
Short Blades   | 1 2 3 |  3.4
Armour         | 1 |  1.7
Fighting       | 1 2 |  2.0
Dodging        | 3 |  3.7
Stealth        | |  2.4
Spellcasting   | |  3.0
Conjurations   | |  1.1
Fire Magic     | |  3.2

Action                   |  1- 3 |  4- 6 || total
-------------------------+-------+-------++-------
Melee: Short sword       |    22 |       ||    22
       Dagger            |       |     1 ||     1
 Cast: Flame Tongue      |    77 |    90 ||   167
       Conjure Flame     |     2 |       ||     2
  Use: Scroll            |       |    10 ||    10
  Eat: Chunk             |     2 |     5 ||     7
       Meat ration       |     1 |       ||     1
Armor: Robe              |     1 |       ||     1
       Leather armour    |    10 |    12 ||    22
Dodge: Dodged            |    35 |    31 ||    66
